Map: [ESL] Alcyone

Players

FoxeR

  • Race: Terran Terran

Astrea - Winner!

  • Race: Protoss Protoss

Event: ESL SC2 Masters 2023 Winter (Regional)

VOD

Have the link to the VOD?

Description

Time

  • Played on: Oct. 26, 2023, 3:20 p.m.
  • Length: 6:40

All games in this series

Show
View Real Time Build Order
Export as new Build Order

FoxeR Terran 

Build Orders: Hellion Opening 

Get SALT Encoding   

  12  0:00  SCV  
  13  0:12  SCV  
  14  0:17  Supply Depot  
  14  0:24  SCV  
  15  0:32  Refinery  
  15  0:38  SCV  
  16  0:44  Barracks  
  16  0:50  SCV  
  17  1:02  SCV  
  18  1:15  SCV  
  19  1:27  SCV  
  20  1:34  Marine  
  20  1:39  Orbital Command  
  21  1:47  Command Center  
  21  1:57  Factory  
  21  2:01  Barracks Reactor  
  21  2:05  SCV  
  22  2:17  SCV  
  22  2:18  Supply Depot  
  23  2:27  Refinery  
  23  2:40  SCV  
  24  2:44  Starport  
  24  2:49  Hellion x2  
  28  2:52  SCV  
  29  2:59  Orbital Command  
  29  3:04  SCV  
  30  3:10  Hellion x2  
  32  3:16  SCV  
  33  3:25  SCV  
  34  3:31  Hellion  
  34  3:35  Medivac  
  34  3:36  Hellion  
  34  3:38  SCV  
  40  3:41  SCV  
  40  3:46  Supply Depot  
  40  3:54  SCV  
  40  3:55  Barracks Tech Lab  
  41  4:01  Widow Mine x2  
  41  4:02  SCV  
  45  4:07  SCV  
  43  4:14  SCV  
  37  4:17  Viking  
  46  4:28  SCV x2  
  46  4:30  Widow Mine x2  
  44  4:41  SCV  
  43  4:46  Barracks  
  43  4:49  SCV  
  43  4:51  Barracks Tech Lab  
  44  4:53  SCV  
  45  5:01  SCV  
  45  5:02  Siege Tank  
  45  5:05  SCV  
  50  5:11  Bunker  
  50  5:13  SCV  
  49  5:16  Barracks  
  49  5:17  SCV  
  49  5:19  Marine  
  51  5:21  Marine  
  51  5:25  SCV  
  51  5:29  SCV  
  51  5:34  Marine  
  49  5:37  SCV, Marine  
  49  5:39  Marine  
  49  5:41  SCV  
  46  5:46  Siege Tank  
  44  5:50  SCV  
  44  5:52  Marine  
  44  5:53  SCV  
  44  5:54  Orbital Command  
  44  5:55  Marine  
  46  5:57  Marine  
  46  6:09  SCV  
  46  6:10  Marine  
  48  6:13  Marine  
  48  6:15  Marine  
  48  6:16  Marine  
  47  6:21  SCV  
Show
View Real Time Build Order
Export as new Build Order

Astrea Protoss - Winner!

Build Orders: 1 Gate Expand, Oracle Opening 

Get SALT Encoding   

  12  0:00  Probe  
  13  0:12  Probe  
  14  0:16  Pylon  
  14  0:24  Probe (Chrono Boost)  
  15  0:35  Gateway  
  16  0:36  Probe (Chrono Boost)  
  16  0:42  Probe (Chrono Boost)  
  16  0:45  Assimilator  
  17  0:51  Probe  
  18  1:03  Probe  
  19  1:15  Probe  
  20  1:22  Nexus  
  20  1:32  Cybernetics Core  
  20  1:34  Probe  
  21  1:41  Assimilator  
  21  1:46  Probe  
  22  1:50  Pylon  
  22  1:59  Probe (Chrono Boost)  
  23  2:05  Adept (Chrono Boost)  
  23  2:11  Probe (Chrono Boost)  
  26  2:18  Stargate  
  26  2:19  Probe (Chrono Boost)  
  27  2:25  Probe  
  27  2:27  Warp Gate  
  22  2:30  Adept (Chrono Boost)  
  28  2:35  Probe  
  31  2:39  Probe  
  32  2:47  Probe  
  33  2:51  Adept  
  33  2:53  Probe  
  36  2:59  Probe  
  36  3:01  Oracle (Chrono Boost)  
  36  3:05  Probe  
  41  3:11  Probe  
  42  3:17  Probe  
  41  3:23  Probe  
  42  3:29  Probe, Pylon  
  42  3:32  Oracle (Chrono Boost)  
  43  3:38  Probe  
  45  3:41  Probe  
  45  3:43  Gateway  
  45  3:47  Gateway  
  46  3:50  Probe  
  46  3:53  Probe  
  46  3:54  Shield Battery  
  48  3:57  Pylon  
  48  4:02  Probe  
  49  4:05  Probe, Phoenix (Chrono Boost)  
  52  4:14  Probe  
  52  4:15  Stalker  
  55  4:18  Probe  
  55  4:22  Pylon  
  55  4:26  Probe  
  55  4:30  Probe  
  53  4:38  Probe  
  53  4:42  Probe  
  53  4:45  Assimilator, Stalker x3  
  61  4:46  Assimilator  
  61  4:52  Pylon  
  61  4:57  Pylon  
  61  4:58  Probe x2  
  63  5:01  Robotics Facility  
  63  5:11  Adept  
  65  5:15  Stalker  
  65  5:16  Stalker  
  65  5:18  Nexus  
  65  5:20  Probe x2  
  69  5:32  Probe x2  
  71  5:43  Stalker x3  
  71  5:44  Probe x2  
  79  5:56  Probe x2  
  77  5:59  Robotics Bay  
  77  6:01  Forge  
  77  6:03  Twilight Council  
  77  6:08  Probe x2  
  77  6:10  Stalker  
  77  6:11  Stalker x2  
  85  6:14  Observer  
  82  6:20  Probe  
  82  6:21  Probe  
  83  6:35  Stalker x3  
Tags
 
Add a new tag
Caveats
  • Supply blocks, unpowered buildings, or Contaminate may cause inaccurate times.
  • Supply counts are checked every 10 seconds.